PL
VANCOUVER GREY WOLVES @ ROCKY MOUNTAIN NUGGETS
07/24/2023
 
TOP OF THE 1ST
Vancouver Grey Wolves batting - Pitching for Rocky Mountain Nuggets : RHP Hunter Wilson
Pitching: RHP Hunter Wilson
Batting: LHB Héctor Cortéz 0-0: Fly out, F8 (Flyball, 8RXD)
Batting: LHB Timmy Appeldoorn 0-0: Fly out, F7 (Popup, 5D)
Batting: RHB Travis Newsome 0-0: Ball
1-0: Ball
2-0: Called Strike
2-1: Foul Ball, location: 2F
2-2: Fly out, F7 (Flyball, 78M)
Top of the 1st over - 0 run(s), 0 hit(s), 0 error(s), 0 left on base; Vancouver 0 - Rocky Mountain 0
BOTTOM OF THE 1ST
Rocky Mountain Nuggets batting - Pitching for Vancouver Grey Wolves : RHP Bill Fletcher
Pitching: RHP Bill Fletcher
Batting: RHB Mark Melton 0-0: Ball
1-0: SINGLE (Groundball, 6M)
Batting: RHB Iván Vega 0-0: Called Strike
0-1: Swinging Strike
0-2: Strikes out looking
Batting: LHB Juan Ríos 0-0: Ball
1-0: Ball
Mark Melton is caught stealing 2nd base
2-0: Ball
3-0: Base on Balls
Batting: RHB David Verhoeve 0-0: Ball
1-0: Called Strike
1-1: Ball
2-1: Ball
Juan Ríos is caught stealing 2nd base
Bottom of the 1st over - 0 run(s), 1 hit(s), 0 error(s), 0 left on base; Vancouver 0 - Rocky Mountain 0
TOP OF THE 2ND
Vancouver Grey Wolves batting - Pitching for Rocky Mountain Nuggets : RHP Hunter Wilson
Batting: LHB Min-heui Im 0-0: Ball
1-0: SOLO HOME RUN (Flyball, 9LD), Distance : 338 ft
Batting: LHB David Hubbard 0-0: Ball
1-0: Swinging Strike
1-1: Foul Ball, location: 2F
1-2: Ball
2-2: Strikes out swinging
Batting: SHB Gregg Wagner 0-0: Called Strike
0-1: Ball
1-1: DOUBLE (Line Drive, 5D)
Batting: LHB José Alonso 0-0: Ball
1-0: Ground out U3 (Groundball, 3)
Gregg Wagner to third
Batting: RHB Alfredo Méndez 0-0: Ball
1-0: Called Strike
1-1: Called Strike
1-2: Foul Ball, location: 2F
1-2: Foul Ball, location: 2F
1-2: Strikes out looking
Top of the 2nd over - 1 run(s), 2 hit(s), 0 error(s), 1 left on base; Vancouver 1 - Rocky Mountain 0
BOTTOM OF THE 2ND
Rocky Mountain Nuggets batting - Pitching for Vancouver Grey Wolves : RHP Bill Fletcher
Batting: RHB David Verhoeve 0-0: Called Strike
0-1: Ground out 1-3 (Groundball, 15)
Batting: LHB Randy Bowen 0-0: Ground out 3-1 (Groundball, 34)
Batting: LHB Javier Sánchez 0-0: Ball
1-0: Ball
2-0: Called Strike
2-1: Ball
3-1: Base on Balls
Batting: RHB Michael Riley 0-0: SINGLE (Line Drive, 6M)
Javier Sánchez to second
Batting: SHB Jorge Colomo 0-0: Ball
1-0: Ball
2-0: Ball
3-0: Called Strike
3-1: Foul Ball, location: 2F
3-2: Strikes out looking
Bottom of the 2nd over - 0 run(s), 1 hit(s), 0 error(s), 2 left on base; Vancouver 1 - Rocky Mountain 0
TOP OF THE 3RD
Vancouver Grey Wolves batting - Pitching for Rocky Mountain Nuggets : RHP Hunter Wilson
Batting: RHB Enrique Fuentes 0-0: Ball
1-0: SINGLE (Groundball, 56D)
Batting: LHB Héctor Cortéz 0-0: Called Strike
0-1: Foul Ball, location: 2F
0-2: Foul Ball, location: 2F
0-2: Ball
1-2: Ball
2-2: Foul Ball, location: 2F
2-2: Ball
3-2: Ground out U3 (Groundball, 3S)
Enrique Fuentes to second
Batting: LHB Timmy Appeldoorn 0-0: Ball
1-0: Ball
2-0: Ground out 4-3 (Groundball, 34)
Enrique Fuentes to third
Batting: RHB Travis Newsome 0-0: Ball
1-0: DOUBLE (Line Drive, 5D)
Enrique Fuentes scores
Batting: LHB Min-heui Im 0-0: Ball
1-0: Called Strike
1-1: Called Strike
1-2: Ball
2-2: Strikes out swinging
Top of the 3rd over - 1 run(s), 2 hit(s), 0 error(s), 1 left on base; Vancouver 2 - Rocky Mountain 0
BOTTOM OF THE 3RD
Rocky Mountain Nuggets batting - Pitching for Vancouver Grey Wolves : RHP Bill Fletcher
Batting: RHB Juan Ávila 0-0: Ball
1-0: Called Strike
1-1: Foul Ball, location: 2F
1-2: DOUBLE (Flyball, 7LD)
Batting: RHB Mark Melton 0-0: Ball
1-0: Ball
2-0: Ball
3-0: Base on Balls
Batting: RHB Iván Vega 0-0: Called Strike
0-1: Fly out, F5 (Line Drive, 56)
Batting: LHB Juan Ríos 0-0: Ball
1-0: Ball
2-0: Foul Ball, location: 2F
2-1: Swinging Strike
2-2: Ball
3-2: Base on Balls
Juan Ávila to third
Mark Melton to second
Batting: RHB David Verhoeve 0-0: Ball
1-0: SINGLE (Line Drive, 7LS)
Juan Ávila scores
Mark Melton to third
Juan Ríos to second
Runner from 3rd tries for Home, SAFE, throw made home
Juan Ríos to third
David Verhoeve to second
Batting: LHB Randy Bowen 0-0: Ball
1-0: Foul Ball, location: 2F
1-1: Ground out U3 (Groundball, 3L)
Batting: LHB Javier Sánchez 0-0: Called Strike
0-1: Called Strike
0-2: Strikes out swinging
Bottom of the 3rd over - 2 run(s), 2 hit(s), 0 error(s), 2 left on base; Vancouver 2 - Rocky Mountain 2
TOP OF THE 4TH
Vancouver Grey Wolves batting - Pitching for Rocky Mountain Nuggets : RHP Hunter Wilson
Batting: LHB David Hubbard 0-0: Ball
1-0: Called Strike
1-1: Ball
2-1: Fly out, F8 (Flyball, 8RS)
Batting: SHB Gregg Wagner 0-0: Called Strike
0-1: Swinging Strike
0-2: Foul Ball, location: 2F
0-2: Ground out 4-3 (Groundball, 4)
Batting: LHB José Alonso 0-0: Called Strike
0-1: Ball
1-1: Foul Ball, location: 2F
1-2: Strikes out swinging
Top of the 4th over - 0 run(s), 0 hit(s), 0 error(s), 0 left on base; Vancouver 2 - Rocky Mountain 2
BOTTOM OF THE 4TH
Rocky Mountain Nuggets batting - Pitching for Vancouver Grey Wolves : RHP Bill Fletcher
Batting: RHB Michael Riley 0-0: Called Strike
0-1: Ball
1-1: Foul Ball, location: 2F
1-2: Strikes out swinging
Batting: SHB Jorge Colomo 0-0: Ball
1-0: Called Strike
1-1: Ball
2-1: Called Strike
2-2: Foul Ball, location: 2F
2-2: SINGLE (Groundball, 34D)
Batting: RHB Juan Ávila 0-0: Called Strike
0-1: Fly out, F7 (Flyball, 78D)
Batting: RHB Mark Melton 0-0: Ball
1-0: Called Strike
1-1: Ball
2-1: Ball
3-1: Foul Ball, location: 2F
3-2: Foul Ball, location: 2F
3-2: Ground out 4-3 (Groundball, 4)
Bottom of the 4th over - 0 run(s), 1 hit(s), 0 error(s), 1 left on base; Vancouver 2 - Rocky Mountain 2
TOP OF THE 5TH
Vancouver Grey Wolves batting - Pitching for Rocky Mountain Nuggets : RHP Hunter Wilson
Batting: RHB Alfredo Méndez 0-0: Called Strike
0-1: Ball
1-1: Ball
2-1: Foul Ball, location: 2F
2-2: Ball
3-2: Strikes out swinging
Batting: RHB Enrique Fuentes 0-0: Called Strike
0-1: Foul Ball, location: 2F
0-2: Ball
1-2: Ball
2-2: Ball
3-2: Ground out 6-3 (Groundball, 6)
Batting: LHB Héctor Cortéz 0-0: Ground out 4-3 (Groundball, 4)
Top of the 5th over - 0 run(s), 0 hit(s), 0 error(s), 0 left on base; Vancouver 2 - Rocky Mountain 2
BOTTOM OF THE 5TH
Rocky Mountain Nuggets batting - Pitching for Vancouver Grey Wolves : RHP Bill Fletcher
Batting: RHB Iván Vega 0-0: Ball
1-0: Ball
2-0: Called Strike
2-1: Fly out, F4 (Flyball, 8RS)
Batting: LHB Juan Ríos 0-0: Ball
1-0: Foul Ball, location: 2F
1-1: Ball
2-1: Swinging Strike
2-2: Ball
3-2: Fly out, F7 (Flyball, 78M)
Batting: RHB David Verhoeve 0-0: Called Strike
0-1: Ball
1-1: Ground out 2-3 (Groundball, 2R)
Bottom of the 5th over - 0 run(s), 0 hit(s), 0 error(s), 0 left on base; Vancouver 2 - Rocky Mountain 2
TOP OF THE 6TH
Vancouver Grey Wolves batting - Pitching for Rocky Mountain Nuggets : RHP Hunter Wilson
Batting: LHB Timmy Appeldoorn 0-0: Ball
1-0: Swinging Strike
1-1: Ball
2-1: Foul Ball, location: 2F
2-2: Strikes out swinging
Batting: RHB Travis Newsome 0-0: Called Strike
0-1: Called Strike
0-2: Strikes out swinging
Batting: LHB Min-heui Im 0-0: Ball
1-0: Called Strike
1-1: Foul Ball, location: 2F
1-2: Foul Ball, location: 2F
1-2: Foul Ball, location: 2F
1-2: Ball
2-2: Foul Ball, location: 2F
2-2: Foul Ball, location: 2F
2-2: SINGLE (Groundball, 34D)
Batting: LHB David Hubbard 0-0: Ball
1-0: Called Strike
1-1: Ball
2-1: DOUBLE (Line Drive, 3D)
Min-heui Im to third
Runner from 3rd tries for Home, SAFE, no throw or cutoff
Batting: SHB Gregg Wagner 0-0: Ball
1-0: Ball
2-0: Called Strike
2-1: Called Strike
2-2: Fly out, F7 (Flyball, 7LMF)
Top of the 6th over - 1 run(s), 2 hit(s), 0 error(s), 1 left on base; Vancouver 3 - Rocky Mountain 2
BOTTOM OF THE 6TH
Rocky Mountain Nuggets batting - Pitching for Vancouver Grey Wolves : RHP Bill Fletcher
Batting: LHB Randy Bowen 0-0: Ball
1-0: Ground out 6-3 (Groundball, 6)
Batting: LHB Javier Sánchez 0-0: Called Strike
0-1: Foul Ball, location: 2F
0-2: Ground out 4-3 (Groundball, 4M)
Batting: RHB Michael Riley 0-0: Ball
1-0: Ball
2-0: Fly out, F8 (Flyball, 8RD)
Bottom of the 6th over - 0 run(s), 0 hit(s), 0 error(s), 0 left on base; Vancouver 3 - Rocky Mountain 2
TOP OF THE 7TH
Vancouver Grey Wolves batting - Pitching for Rocky Mountain Nuggets : RHP Hunter Wilson
Batting: LHB José Alonso 0-0: Ground out U3 (Groundball, 3L)
Batting: RHB Alfredo Méndez 0-0: Called Strike
0-1: Ground out 6-3 (Groundball, 6M)
Batting: RHB Enrique Fuentes 0-0: Called Strike
0-1: Ball
1-1: Ball
2-1: Called Strike
2-2: Foul Ball, location: 2F
2-2: Strikes out swinging
Top of the 7th over - 0 run(s), 0 hit(s), 0 error(s), 0 left on base; Vancouver 3 - Rocky Mountain 2
BOTTOM OF THE 7TH
Rocky Mountain Nuggets batting - Pitching for Vancouver Grey Wolves : RHP Bill Fletcher
Batting: SHB Jorge Colomo 0-0: Foul Ball, location: 2F
0-1: Ball
1-1: Swinging Strike
1-2: Foul Ball, location: 2F
1-2: Strikes out looking
Batting: RHB Juan Ávila 0-0: Called Strike
0-1: SINGLE (Line Drive, 34)
Batting: RHB Mark Melton 0-0: Ball
1-0: Called Strike
1-1: Foul Ball, location: 2F
1-2: Foul Ball, location: 2F
1-2: Ball
2-2: Strikes out swinging
Pitching: LHP Kevin Woods
Batting: RHB Iván Vega 0-0: Called Strike
0-1: Foul Ball, location: 2F
0-2: Strikes out swinging
Bottom of the 7th over - 0 run(s), 1 hit(s), 0 error(s), 1 left on base; Vancouver 3 - Rocky Mountain 2
TOP OF THE 8TH
Vancouver Grey Wolves batting - Pitching for Rocky Mountain Nuggets : RHP Hunter Wilson
Batting: LHB Héctor Cortéz 0-0: Ground out 4-3 (Groundball, 4M)
Batting: LHB Timmy Appeldoorn 0-0: Swinging Strike
0-1: Ball
1-1: Fly out, F7 (Flyball, 78M)
Batting: RHB Travis Newsome 0-0: Called Strike
0-1: Fly out, F8 (Flyball, 8LM)
Top of the 8th over - 0 run(s), 0 hit(s), 0 error(s), 0 left on base; Vancouver 3 - Rocky Mountain 2
BOTTOM OF THE 8TH
Rocky Mountain Nuggets batting - Pitching for Vancouver Grey Wolves : LHP Kevin Woods
Batting: LHB Juan Ríos 0-0: Ground out 5-3 (Groundball, 56S)
Pitching: RHP Roderick Rhodes
Batting: RHB David Verhoeve 0-0: Called Strike
0-1: Foul Ball, location: 2F
0-2: Foul Ball, location: 2F
0-2: Fly out, F8 (Line Drive, 8LM)
Batting: LHB Randy Bowen 0-0: Ball
1-0: Called Strike
1-1: Ground out 6-3 (Groundball, 6)
Bottom of the 8th over - 0 run(s), 0 hit(s), 0 error(s), 0 left on base; Vancouver 3 - Rocky Mountain 2
TOP OF THE 9TH
Vancouver Grey Wolves batting - Pitching for Rocky Mountain Nuggets : RHP Hunter Wilson
Batting: LHB Min-heui Im 0-0: Called Strike
0-1: Ball
1-1: Ball
2-1: Fly out, F7 (Flyball, 7LM)
Batting: LHB David Hubbard 0-0: Foul Ball, location: 2F
0-1: Foul Ball, location: 2F
0-2: Foul Ball, location: 2F
0-2: Ball
1-2: Foul Ball, location: 2F
1-2: Foul Ball, location: 2F
1-2: Foul Ball, location: 2F
1-2: Ball
2-2: Foul Ball, location: 2F
2-2: Fly out, F9 (Flyball, 89S)
Pitching: RHP Kenny Powers
Batting: SHB Gregg Wagner 0-0: Ball
1-0: Ball
2-0: Foul Ball, location: 2F
2-1: Foul Ball, location: 2F
2-2: Ground out 6-3 (Groundball, 6M)
Top of the 9th over - 0 run(s), 0 hit(s), 0 error(s), 0 left on base; Vancouver 3 - Rocky Mountain 2
BOTTOM OF THE 9TH
Rocky Mountain Nuggets batting - Pitching for Vancouver Grey Wolves : RHP Roderick Rhodes
Pitching: RHP David Hudson
Batting: LHB Javier Sánchez 0-0: Ball
1-0: Called Strike
1-1: Ball
2-1: Foul Ball, location: 2F
2-2: Ball
3-2: Strikes out swinging
Batting: RHB Michael Riley 0-0: Ball
1-0: Ball
2-0: SINGLE (Line Drive, 7S)
Pinch Hitting: RHB Mike Green 0-0: Ball
1-0: Ball
2-0: Fly out, F6 (Popup, 4M)
Batting: RHB Juan Ávila 0-0: Fly out, F3 (Popup, 3L)
Bottom of the 9th over - 0 run(s), 1 hit(s), 0 error(s), 1 left on base; Vancouver 3 - Rocky Mountain 2
This league is powered by Out of the Park Baseball, the baseball management simulation game for PC, Mac and Linux
Friday, July 8th, 2016 - OOTP Baseball 16.9 Build 39